 Dungeon Crawl Stone Soup version 0.28-a0-69-g49dcd67cf8 (webtiles) character file.

Game seed: 15214898175521329681

2689 KristoblXynda the Ruffian (level 9, -15/88 HPs)
             Began as a Troll Hedge Wizard on July 31, 2021.
             Demolished by Harold (17 damage)
             ... on level 7 of the Dungeon.
             The game lasted 00:11:52 (6478 turns).

KristoblXynda the Ruffian (Troll Hedge Wizard)      Turns: 6478, Time: 00:11:53

Health: -15/88     AC:  6    Str: 20    XL:     9   Next: 38%
Magic:  11/11      EV:  6    Int: 12    God:
Gold:   260        SH:  0    Dex: 10    Spells: 8/12 levels left

rFire   . . .      SeeInvis .     - Unarmed
rCold   . . .      Faith    .   (no shield)
rNeg    . . .      Spirit   .   b - +0 robe
rPois   +          Reflect  .   c - +1 hat
rElec   .          Harm     .   n - +0 cloak
rCorr   .          Rampage  .   (gloves unavailable)
Will    .....                   (boots unavailable)
Stlth   +.........              (no amulet)
HPRegen 1.24/turn               y - ring of poison resistance
MPRegen 0.12/turn               (no ring)

@: confused, ambrosia-drunk, marked, held
A: large, unfitting armour, claws 3, regeneration 1, shaggy fur 1, tough skin 1
a: no special abilities


You were on level 7 of the Dungeon.
You visited 1 branch of the dungeon, and saw 7 of its levels.

You collected 370 gold pieces.
You spent 110 gold pieces at shops.

Inventory:

Hand Weapons
 i - a +2 morningstar of freezing
Armour
 b - a +0 robe (worn)
 c - a +1 hat (worn)
 n - a +0 cloak (worn)
Jewellery
 a - a ring of fire
 w - a ring of flight
 y - a ring of poison resistance (left claw)
Wands
 f - a wand of digging (1)
 q - a wand of flame (17)
 t - a wand of paralysis (9)
Scrolls
 k - a scroll of enchant weapon
 p - a scroll of enchant armour
 s - 2 scrolls of immolation
 x - 3 scrolls of amnesia
Potions
 d - a potion of ambrosia
 e - 4 potions of curing
 h - 2 potions of berserk rage {unknown}
 j - a potion of lignification
 l - a potion of mutation {unknown}
 m - 2 potions of haste
 v - a potion of magic


   Skills:
 + Level 5.1 Fighting
 + Level 5.5 Dodging
 - Level 1.0 Stealth
 + Level 6.2 Unarmed Combat
 - Level 2.3 Spellcasting
 + Level 4.6 Conjurations
 - Level 0.6 Summonings
 - Level 0.6 Translocations


You had 8 spell levels left.
You knew the following spells:

 Your Spells              Type           Power      Damage    Failure   Level
a - Magic Dart            Conj           48%        1d5       4%          1
b - Mephitic Cloud        Conj/Pois/Air  5%         N/A       38%         3

Your spell library contained the following spells:

 Spells                   Type           Power      Damage    Failure   Level
 Blink                    Tloc           N/A        N/A       30%         2
 Call Imp                 Summ           2%         N/A       30%         2
 Conjure Flame            Conj/Fire      6%         6-21      30%         3
 Slow                     Hex            1%         N/A       36%         2
 Portal Projectile        Hex/Tloc       4%         N/A       56%         3
 Ignite Poison            Fire/Tmut/Pois 1%         N/A       61%         3
 Cause Fear               Hex            0%         N/A       95%         4
 Bolt of Magma            Conj/Fire/Erth 2%         4d4       98%         5
 Blade Hands              Tmut           0%         N/A       100%        5
 Excruciating Wounds      Necr           0%         N/A       100%        5
 Dragon Form              Tmut           0%         N/A       100%        7
 Dragon's Call            Summ           1%         N/A       100%        9


Dungeon Overview and Level Annotations

Branches:
Dungeon (7/15)
 Temple: D:4-7

Altars:
Cheibriados
Hepliaklqana

Shops:
D:2 (=?(   D:3 *   D:6 ?

Annotations:
D:7 Harold, Menkaure


Innate Abilities, Weirdness & Mutations

You are too large for most types of armour.
You have claws for hands.
Your natural rate of healing is unusually fast.
You are covered in fur. (AC +1)
You have tough skin. (AC +1)


Message History

Harold throws a throwing net.
The throwing net misses your hound. The throwing net hits you.
You become entangled in the net!
Aiming: Paralyse
Press: ? - help, Shift-Dir - straight line, f/p - centaur
Aim: a centaur, wielding a +0 short sword and quivering arrows (moderately wounded, chance to affect: 46%)
The centaur resists with some effort.
Your hound bites Harold.
The centaur hits you but does no damage.
The centaur closely misses you.
Your hound bites Harold but does no damage.
Harold hits your hound with a +0 flail.
Your hound dies!
Your hound's corpse dissolves into shadows!
Aiming: Paralyse
Press: ? - help, Shift-Dir - straight line, f/p - centaur
Aim: a centaur, wielding a +0 short sword and quivering arrows (moderately wounded, chance to affect: 46%)
The centaur resists with some effort.
The centaur hits you with a +0 short sword.
* * * LOW HITPOINT WARNING * * *
The centaur kicks you but does no damage.
The centaur hits you with a +0 short sword.
* * * LOW HITPOINT WARNING * * *
The centaur kicks you but does no damage.
Aiming: Paralyse
Press: ? - help, Shift-Dir - straight line, f - Harold, p - centaur
Aim: Harold, wielding a +0 flail and wearing a +0 chain mail (lightly wounded, chance to affect: 15%) Harold resists with almost no effort.
The centaur hits you but does no damage.
The centaur kicks you.
* * * LOW HITPOINT WARNING * * *
Harold hits you with a +0 flail.
* * * LOW HITPOINT WARNING * * *
Unknown command.
Unknown command.
You are confused.
You feel invigorated.
The centaur hits you with a +0 short sword.
* * * LOW HITPOINT WARNING * * *
The centaur kicks you but does no damage.
Harold hits you with a +0 flail!
You die...

#.# ##..♣.♣.♣.♣.♣.♣..## #.#
##..♣...♣.♣.♣...♣..## #.#
#..♣.♣.♣.♣.♣.♣.♣.♣..#
#.####.♣...♣...♣...♣...♣.#
####.##.'..♣.♣.♣.♣.♣.♣.♣.♣..'
#.......'...♣.♣.♣.♣.♣.♣.♣...'
#.###.#.'..♣.♣.♣.♣.♣.♣.♣.♣..'
#.# #.###.♣..c♣c..♣...♣...♣.#
#.# #.# #..♣@♣.♣.♣.♣.♣.♣.♣..#
### ### ##..♣@..♣.♣.♣...♣..##
##..♣.♣.♣.♣.♣.♣..# ##..♣...♣
.♣..# ##..♣.♣.♣ ..# ##..♣..
##...... # ##'''## ...#


You could see Harold and a centaur.

Vanquished Creatures
  Joseph (D:7)
  An orc warrior (D:6)
  A sky beast (D:6)
  5 ogres
  A phantom (D:5)
  2 wyvern zombies
  4 scorpions
  2 water moccasin zombies (D:5)
  6 wights
  A bullfrog zombie (D:5)
  4 hounds
  2 jellies
  A gnoll shaman (D:5)
  An orc priest (D:3)
  2 centaur skeletons (D:4)
  A centaur zombie (D:6)
  Ijyb (D:4)
  4 iguanas (D:6)
  A scorpion zombie (D:5)
  2 orc wizards
  Terence (D:2)
  A howler monkey skeleton (D:6)
  6 gnolls
  8 river rats (D:5)
  7 adders
  2 white imps (D:6)
  An ufetubus (D:4)
  2 adder skeletons
  3 worms
  6 dart slugs
  12 orcs
  9 endoplasms
  3 giant cockroaches
  11 goblins
  6 hobgoblins
  13 jackals
  9 kobolds
  10 quokkas
  4 ball pythons
  5 bats
  4 frilled lizards
  19 rats
185 creatures vanquished.

Vanquished Creatures (collateral kills)
  A hound (D:7)
1 creature vanquished.

Grand Total: 186 creatures vanquished

Notes
Turn   | Place    | Note
-------+----------+-------------------------------------------
     0 | D:1      | KristoblXynda the Troll Hedge Wizard began the quest for
                  | the Orb.
     0 | D:1      | Reached XP level 1. HP: 16/16 MP: 2/2
   192 | D:1      | Reached XP level 2. HP: 26/26 MP: 4/4
   405 | D:1      | Reached skill level 1 in Unarmed Combat
   779 | D:1      | Reached XP level 3. HP: 29/32 MP: 5/5
  1052 | D:2      | Found Acwutiokh's Jewellery Emporium.
  1134 | D:2      | Found Musheesi's Magic Scroll Emporium.
  1148 | D:2      | You fall into a shaft and drop 1 floor!
  1157 | D:3      | Reached skill level 1 in Fighting
  1285 | D:3      | Reached XP level 4. HP: 34/41 MP: 6/6
  1298 | D:2      | Found Vum Leank's Antique Weapon Shoppe.
  1419 | D:2      | Noticed Terence
  1429 | D:2      | Killed Terence
  1692 | D:2      | Found Xanol's Antique Weapon Emporium.
  1706 | D:2      | Reached skill level 2 in Unarmed Combat
  1706 | D:2      | Reached skill level 1 in Conjurations
  1718 | D:2      | Found a hazy altar of Hepliaklqana.
  2271 | D:3      | Reached XP level 5. HP: 46/48 MP: 7/7
  2431 | D:3      | Found Bifofarr's General Store.
  2445 | D:3      | Bought a potion of curing for 30 gold pieces
  3040 | D:4      | Reached XP level 6. HP: 34/57 MP: 8/8
  3131 | D:3      | Bought a +0 vorpal morningstar for 80 gold pieces
  3287 | D:4      | Learned a level 3 spell: Mephitic Cloud
  3316 | D:4      | Found a snail-covered altar of Cheibriados.
  3328 | D:4      | Reached skill level 3 in Unarmed Combat
  3492 | D:4      | Reached XP level 7. HP: 66/66 MP: 9/9
  3697 | D:4      | Noticed Ijyb
  3697 | D:4      | Paralysed by Ijyb for 7 turns
  3712 | D:4      | Paralysed by Ijyb for 4 turns
  3725 | D:4      | Killed Ijyb
  4143 | D:5      | Entered Level 5 of the Dungeon
  4172 | D:5      | Reached skill level 4 in Unarmed Combat
  4334 | D:5      | Reached XP level 8. HP: 75/75 MP: 10/10
  4957 | D:5      | Reached skill level 5 in Unarmed Combat
  5662 | D:6      | Reached skill level 5 in Dodging
  5713 | D:6      | Found Jaoptal's Magic Scroll Boutique.
  5988 | D:6      | Reached XP level 9. HP: 44/85 MP: 11/11
  6331 | D:7      | Reached skill level 6 in Unarmed Combat
  6337 | D:7      | Noticed Joseph
  6353 | D:7      | Killed Joseph
  6354 | D:7      | Reached skill level 5 in Fighting
  6453 | D:7      | Noticed Menkaure
  6454 | D:7      | Noticed Harold
  6472 | D:7      | HP: 3/88 [centaur (2)]
  6472 | D:7      | HP: 1/88 [centaur (2)]
  6477 | D:7      | HP: 2/88 [centaur (1)]
  6478 | D:7      | Demolished by Harold

Illustrated notes

Levels and vault maps discovered:
D:1:      minmay_arrival_split_and_join, layout_loops_corners,
          chequers_serial_rivers_micro_d
D:2:      minmay_spotlight, layout_basic, serial_shops, shop,
          nicolae_shop_statue_plus, shop, shop_statue, basic_altar, uniq_terence
D:3:      layout_loops_corners, serial_shops, nicolae_diamond_shop
D:4:      minmay_angry_zag, layout_basic, minmay_ruined_shrine, uniq_ijyb
D:5:      lemuel_ratsnest, layout_basic
D:6:      minmay_razor_zed, layout_cave_pods, serial_shops,
          nicolae_stop_n_shop_1, cheibrodos_sewer_entry_bend
D:7:      layout_loops_ring, temple_doors_e, kennysheep_cluttered_room,
          kennysheep_generic_room_2, uniq_harold, uniq_menkaure, uniq_joseph,
          uniq_maggie, uniq_crazy_yiuf_cottage

Skill      XL: |  1  2  3  4  5  6  7  8  9 |
---------------+----------------------------+-----
Unarmed Combat | 1 2 3 4 5 6 |  6.2
Dodging        | 2 3 4 5 |  5.5
Fighting       | 1 2 3 4 5 |  5.1
Conjurations   | 1 2 3 4 |  4.6
Stealth        | |  1.0
Spellcasting   | |  2.3
Summonings     | |  0.6
Translocations | |  0.6

Action                   |  1- 3 |  4- 6 |  7- 9 || total
-------------------------+-------+-------+-------++-------
Melee: Unarmed           |   100 |   227 |   306 ||   633
       Punch             |       |     1 |     8 ||     9
Evoke: Wand              |       |       |     5 ||     5
  Use: Scroll            |       |       |    19 ||    19
       Potion            |       |       |     6 ||     6
 Stab: Sleeping          |     1 |       |       ||     1
       Paralysed         |       |       |     8 ||     8
Armor: Robe              |    45 |    88 |    81 ||   214
       Skin              |       |       |     1 ||     1
Dodge: Dodged            |    55 |   121 |   131 ||   307

Table legend: (Time is in decaauts)
 A = Elapsed time spent in this place.
 B = Non-inter-level travel time spent in this place.
 C = Inter-level travel time spent in this place.
 D = Time resting spent in this place.
 E = Time spent auto-exploring this place.
 F = Levels seen in this place.
 G = Mean time per level.
                   A        B        C        D        E       F      G
               +--------+--------+--------+--------+--------+-----+--------+
         Total |   6445 |   6138 |    307 |    535 |   3944 |   7 |  920.7 |
       Dungeon |   6445 |   6138 |    307 |    535 |   3944 |   7 |  920.7 |
               +--------+--------+--------+--------+--------+-----+--------+

Top non-repeatable levels by time:
     D:6: 1078 daAuts
     D:3: 1054 daAuts
     D:4: 1038 daAuts
     D:1: 1034 daAuts
     D:2: 1002 daAuts
     D:5: 936 daAuts
     D:7: 301 daAuts
